 Dungeon Crawl Stone Soup version 0.25-a0-287-g56a5b49892 (webtiles) character file.

Game seed: 11571096376619282691, levelgen mode: deterministic

108 MoonlitKnight the Conjurer (level 4, -3/24 HPs)
             Began as a Deep Elf Conjurer on Dec 12, 2019.
             Slain by an orc
             ... wielding a +0 whip
              (4 damage)
             ... on level 3 of the Dungeon.
             The game lasted 00:04:26 (1790 turns).

MoonlitKnight the Conjurer (Deep Elf Conjurer)      Turns: 1790, Time: 00:04:26

Health: -3/24      AC:  2    Str:  6    XL:     4   Next: 58%
Magic:  1/12       EV: 13    Int: 20    God:
Gold:   96         SH:  0    Dex: 15    Spells: 5/11 levels left

rFire    . . .     SeeInvis .   g - +2 dagger (speed)
rCold    . . .     Gourm    .   (no shield)
rNeg     . . .     Faith    .   a - +0 robe
rPois    .         Spirit   .   (no helmet)
rElec    .         Reflect  .   (no cloak)
rCorr    .         Harm     .   (no gloves)
MR       .....                  (no boots)
Stlth    ++........             (no amulet)
HPRegen  0.08/turn              (no ring)
MPRegen  0.13/turn              (no ring)

@: no status effects
A: no striking features
a: no special abilities


You were on level 3 of the Dungeon.
You were not hungry.

You visited 1 branch of the dungeon, and saw 3 of its levels.

You collected 96 gold pieces.

Inventory:

Hand Weapons
 g - a +2 dagger of speed (weapon)
Missiles
 m - 19 sling bullets
Armour
 a - a +0 robe (worn)
Jewellery
 k - an uncursed ring of magical power
Scrolls
 b - 2 scrolls of remove curse {unknown}
 e - a scroll of identify {unknown}
 i - a scroll of blinking {unknown}
 j - a scroll of teleportation {unknown}
 n - a scroll of fear {unknown}
Potions
 d - 3 potions of haste {unknown}
 f - 3 potions of magic {unknown}
 l - a potion of agility {unknown}
Comestibles
 c - 2 rations
 h - 3 chunks of flesh


   Skills:
 + Level 0.2 Short Blades
 + Level 2.8 Dodging
 - Level 2.4 Stealth
 + Level 4.0 Spellcasting
 + Level 6.0 Conjurations


You had 5 spell levels left.
You knew the following spells:

 Your Spells              Type           Power        Failure   Level  Hunger
a - Magic Dart            Conj           ####         1%          1    None
b - Searing Ray           Conj           ####..       1%          2    #......
c - Dazzling Flash        Conj/Hex       ###...       11%         3    ###....

Your spell library contained the following spells:

 Spells                   Type           Power        Failure   Level  Hunger
 Fulminant Prism          Conj/Hex       ###.......   36%         4    ####...
 Iskenderun's Mystic Bla  Conj/Tloc      ###.....     36%         4    ####...


Dungeon Overview and Level Annotations

Branches:
Dungeon (3/15)

Altars:
Dithmenos


Message History

The orc priest mumbles some strange prayers to Beogh against you.
Beogh smites you!
Ouch! That really hurt!
* * * LOW HITPOINT WARNING * * *
The orc closely misses you.
You completely miss the orc.
The orc is lightly wounded.
The orc hits you with a +0 whip.
* * * LOW HITPOINT WARNING * * *
You hit the orc but do no damage.
The orc is lightly wounded.
A bat comes into view.
You barely miss the orc.
The orc is lightly wounded.
The orc closely misses you.
You closely miss the orc.
The orc is lightly wounded.
The orc priest calls upon Beogh to heal the orc.
The orc's wounds heal themselves!
The orc hits you with a +0 whip.
You die...

... ....... # ..
....... ..## .. .......
....##.#b......
#.....(.......
.###.....#......
................ .
.....##..####.# ...
#...@......# #.
##...o..#..##
##..#......## ...
.........r..## .
.....#.......###
........o..#...####
..##.).....###.#..##
..##.).....###.....###
........)..............


You could see an orc priest, an orc, a bat and a rat.

Vanquished Creatures
  An orc wizard (D:3)
  A gnoll (D:1)
  2 adders (D:2)
  An ooze (D:2)
  A worm (D:3)
  2 leopard geckos
  2 giant cockroaches
  6 goblins
  6 hobgoblins
  9 kobolds
  A quokka (D:2)
  9 bats
  A frilled lizard (D:3)
  3 rats
45 creatures vanquished.

Notes
Turn   | Place    | Note
-------+----------+-------------------------------------------
     0 | D:1      | MoonlitKnight the Deep Elf Conjurer began the quest for the
                  | Orb.
     0 | D:1      | Reached XP level 1. HP: 10/10 MP: 6/6
   204 | D:1      | Reached XP level 2. HP: 15/15 MP: 5/8
   215 | D:1      | Reached skill level 5 in Conjurations
   903 | D:2      | Reached XP level 3. HP: 19/19 MP: 7/9
  1161 | D:2      | Learned a level 2 spell: Searing Ray
  1165 | D:2      | Learned a level 3 spell: Dazzling Flash
  1170 | D:2      | Found a shadowy altar of Dithmenos.
  1559 | D:2      | Reached XP level 4. HP: 24/24 MP: 7/11
  1763 | D:3      | Reached skill level 6 in Conjurations
  1787 | D:3      | HP: 1/24 [orc/+0 whip (4)]
  1790 | D:3      | Slain by an orc

Levels and vault maps discovered:
D:1:      eino_arrival_tree_alley, layout_loops_ring
D:2:      layout_basic, grunt_dithmenos_smoke_and_mirrors
D:3:      layout_rooms, kennysheep_vampire_church, first_ration,
          nicolae_ru_great_annihilating_truth

Skill      XL: |  1  2  3  4 |
---------------+-------------+-----
Conjurations   | 5 6 |  6.0
Spellcasting   | 4 |  4.0
Short Blades   | |  0.2
Dodging        | |  2.8
Stealth        | |  2.4

Action                   |  1- 3 |  4- 6 || total
-------------------------+-------+-------++-------
Melee: Dagger            |    12 |    13 ||    25
 Cast: Magic Dart        |    62 |     9 ||    71
       Searing Ray       |     1 |     7 ||     8
  Eat: Chunk             |     2 |     1 ||     3
Armor: Robe              |     1 |       ||     1
Dodge: Dodged            |     8 |     2 ||    10

Table legend:
 A = Non-vault XP
 B = Vault XP
 C = Vault XP percentage of total XP
 D = Non-vault monster count
 E = Vault monster count
 F = Vault count percentage of total count
                 A         B        C        D         E       F
            +---------+---------+-------+---------+---------+-------
      Total |     155 |       0 |   0.0 |      45 |       0 |   0.0
            +---------+---------+-------+---------+---------+-------
        D:1 |      40 |       0 |   0.0 |      17 |       0 |   0.0
        D:2 |      67 |       0 |   0.0 |      22 |       0 |   0.0
        D:3 |      48 |       0 |   0.0 |       6 |       0 |   0.0
            +---------+---------+-------+---------+---------+-------
